 Dungeon Crawl Stone Soup version 0.31.0-12-g77e489cdc1 (webtiles) character file.

Game seed: 535660471764863596

9786 popper the Mimic (level 11, -18/107 HPs)
             Began as a Troll Shapeshifter on Feb 26, 2024.
             Was a Priest of Makhleb.
             Demolished by a death yak (31 damage)
             ... on level 10 of the Dungeon.
             The game lasted 00:16:21 (8557 turns).

popper the Mimic (Troll Shapeshifter)               Turns: 8557, Time: 00:16:22

Health: -18/107    AC:  2    Str: 40    XL:     11   Next: 27%
Magic:  10/10      EV: 11    Int:  6    God:    Makhleb [***...]
Gold:   122        SH:  0    Dex:  9    Spells: 10/10 levels left

rFire   . .          .
                       - Unarmed
rCold   + . .        (no shield)
rNeg    . . .        a - melded +0 animal skin
rPois   .            (helmet restricted)
rElec   +            P - scarf of Farfalle {harm, Rampage rElec rC+ SInv}
rCorr   .            (gloves unavailable)
SInv    +            (boots unavailable)
Will    .....        m - amulet of regeneration
Stlth   +            e - +6 ring of strength
HPRegen 1.97/turn    A - +6 ring of strength
MPRegen 0.12/turn

%: harm (+30% outgoing, +20% incoming), rampage
@: maw-form
A: devouring maw, large, unfitting armour, claws 3, regeneration 1, shaggy fur
1, tough skin 1
a: Begin Untransformation, Renounce Religion, Minor Destruction, Lesser Servant
of Makhleb


You were on level 10 of the Dungeon.
You worshipped Makhleb.
Makhleb was most pleased with you.
You were a creature with a mouth for a stomach.
You visited 2 branches of the dungeon, and saw 11 of its levels.

You collected 642 gold pieces.
You spent 520 gold pieces at shops.

Inventory:

Armour
 a - a +0 animal skin (melded)
 y - a +0 cloak
 O - a +0 troll leather armour
 P - the scarf of Farfalle (worn) {harm, Rampage rElec rC+ SInv}
   (You acquired it on level 1 of the Dungeon)

   rC+:       It protects you from cold.
   rElec:     It insulates you from electricity.
   SInv:      It lets you see invisible.
   Rampage:   It bestows one free step when moving towards enemies.
Jewellery
 e - a +6 ring of strength (left claw)
 i - a ring of magical power
 m - an amulet of regeneration (around neck)
 o - a +6 ring of intelligence
 A - a +6 ring of strength (right claw)
 C - a +6 ring of intelligence
 I - an amulet of the acrobat
 Q - a ring of willpower
Talismans
 c - a beast talisman
 d - a flux talisman
 K - a maw talisman (active)
Wands
 f - a wand of flame (68)
 z - a wand of roots (7)
 F - a wand of digging (8)
 H - a wand of paralysis (8)
Scrolls
 g - a scroll of identify
 l - 3 scrolls of enchant armour
 q - a scroll of teleportation
 s - a scroll of summoning
 x - 2 scrolls of immolation
 B - a scroll of vulnerability
 E - a scroll of revelation
 J - 4 scrolls of blinking
 L - 2 scrolls of poison
 M - a scroll of fog
 N - 2 scrolls of amnesia
Potions
 b - 4 potions of lignification
 h - a potion of degeneration
 j - 4 potions of might
 k - a potion of mutation
 n - 2 potions of resistance
 p - 2 potions of curing
 r - a potion of ambrosia
 t - 2 potions of enlightenment
 u - 2 potions of heal wounds {unknown}
 v - a potion of haste {unknown}
 w - 2 potions of attraction {unknown}
 D - a potion of berserk rage {unknown}
 G - 2 potions of brilliance {unknown}


   Skills:
 + Level 6.6 Fighting
 + Level 6.8 Dodging
 + Level 8.6 Unarmed Combat
 * Level 10.8 Shapeshifting


You had 10 spell levels left.
You didn't know any spells.
Your spell library contained the following spells:

 Spells                   Type           Power      Damage    Failure   Level
 Apportation              Tloc           0%         N/A       45%         1
 Necrotise                Necr           0%         1d4       45%         1
 Sting                    Conj/Alch      0%         1d3       45%         1
 Summon Small Mammal      Summ           0%         N/A       45%         1
 Mercury Vapours          Alch/Air       0%         N/A       58%         2
 Sublimation of Blood     Necr           0%         N/A       58%         2
 Inner Flame              Hex/Fire       0%         N/A       83%         3
 Mephitic Cloud           Conj/Alch/Air  0%         N/A       83%         3
 Flame Wave               Conj/Fire      0%         2d4       99%         4
 Petrify                  Alch/Erth      0%         N/A       99%         4
 Sticky Flame             Fire/Alch      0%         2d4       99%         4
 Freezing Cloud           Conj/Ice/Air   0%         6-21      100%        5
 Irradiate                Conj/Alch      0%         3d11      100%        5


Dungeon Overview and Level Annotations

Branches:
Dungeon (10/15)            Temple (0/1) D:4            Lair (1/5) D:10
    Orc: D:9-12

Altars:
Cheibriados
Dithmenos
Elyvilon
Hepliaklqana
Kikubaaqudgha
Makhleb
Nemelex Xobeh
Uskayaw
Vehumet
Wu Jian
Yredelemnul
The Shining One

Shops:
D:1 ?

Portals:
Volcano: Lair:1

Annotations:
D:10 Lodul


Innate Abilities, Weirdness & Mutations

You are a creature with a mouth for a stomach.
Your midsection houses a second, enormous mouth.
You are too large for most types of armour.
You have claws for hands.
Your natural rate of healing is unusually fast.
You are covered in fur. (AC +1)
You have tough skin. (AC +1)


Message History

You completely miss the cane toad. You bite the cane toad!!
The cane toad is severely wounded.
The cane toad stings you!!
* * * LOW HITPOINT WARNING * * *
You claw the cane toad!
You devour the cane toad!
You feel better.
You kill the cane toad!
Makhleb accepts your kill.
You feel better.
You start resting.
You hear the rapid rumble of a very distant avalanche of rocks.
You start resting.
A death yak comes into view.
A death yak is nearby!
A death yak is nearby! 3 death yaks come into view.
The death yak bellows! x4
Found a mace.
There is a staircase back to the Dungeon here.
You barely miss the death yak. Your bite misses the death yak.
A death yak comes into view.
The death yak gores you!
The death yak bellows!
You mangle the death yak!! Your bite misses the death yak.
The death yak is moderately wounded.
You claw the death yak! Your bite misses the death yak.
The death yak is moderately wounded.
You barely miss the death yak. You bite the death yak!!
The death yak is heavily wounded.
The death yak gores you!!
A death yak comes into view.
The death yak bellows!
The death yak gores you!! x2
* * * LOW HITPOINT WARNING * * *
The death yak barely misses you.
You climb upwards.
Welcome back to the Dungeon!
Level annotation: Lodul
There is a staircase to the Lair here.
The death yak attacks as it pursues you!
The death yak gores you!!
You die...

..##..##.###'##############'#####
..######.##..###..##...####..##..
..##....................#........
........................#........
........................#..>.....
..##....................#....##..
#'##...........Y.......##'#####..
...#..######.###YY##...##....##..
...#..##..##.###W.###'###....#...
...'..#....#.....^#.....#....##..
####..#....#......#.....#....####
..##..##..##..##..#.....'.....#
...#..##..##..##..##+####.....#
..##..##......##+###...##.....#
..######.......)........#.....#
...'....................#....[#
..##..........>.........+.....#


You could see 3 death yaks.

Vanquished Creatures
  A catoblepas (Lair:1)
  Maurice (D:7)
  A gargoyle (D:10)
  3 cane toads (Lair:1)
  A komodo dragon (Lair:1)
  2 trolls (D:10)
  Grinder (D:3)
  A hornet (D:9)
  2 wyverns
  9 yaks
  A wraith (D:10)
  A basilisk (Lair:1)
  Edmund (D:6)
  3 water moccasins
  An orc warrior (D:8)
  4 ice beasts
  2 black bears
  A sky beast (D:7)
  7 ogres
  3 centaurs (D:9)
  3 phantoms
  A kobold brigand (D:7)
  6 bullfrogs
  A gnoll sergeant (D:5)
  3 scorpions
  7 wights
  4 killer bees (D:10)
  2 vampire bats (D:5)
  6 howler monkeys
  8 crimson imps (D:7)
  A centaur zombie (D:4)
  2 bombardier beetles
  A human zombie (D:4)
  2 orc priests
  A gnoll bouda (D:8)
  3 hounds
  3 iguanas
  A sleepcap (D:6)
  2 orc wizards
  A scorpion zombie (D:4)
  3 hound zombies (D:4)
  2 mummies (D:4)
  9 gnolls
  3 adders
  A shadow imp (D:6)
  3 white imps
  2 ufetubi (D:6)
  An adder zombie (D:4)
  2 dart slugs (D:2)
  3 ribbon worms
  20 orcs
  9 ball pythons
  3 bat skeletons (D:5)
  A bat zombie (D:5)
  12 endoplasms
  3 giant cockroaches
  7 goblins
  8 hobgoblins
  6 jackals
  3 quokkas
  7 bats
  3 frilled lizards (D:1)
  A jackal zombie (D:4)
  16 kobolds
  A quokka zombie (D:4)
  5 rats
238 creatures vanquished.

Notes
Turn   | Place    | Note
-------+----------+-------------------------------------------
     0 | D:1      | popper the Troll Shapeshifter began the quest for the Orb.
     0 | D:1      | Reached XP level 1. HP: 18/18 MP: 0/0
   108 | D:1      | Reached skill level 1 in Fighting
   114 | D:1      | Reached XP level 2. HP: 27/27 MP: 1/1
   150 | D:1      | Found Kerhiet's Magic Scroll Shop.
   330 | D:1      | Reached XP level 3. HP: 24/33 MP: 2/2
   869 | D:2      | Reached XP level 4. HP: 41/41 MP: 3/3
  1352 | D:3      | Noticed Grinder
  1352 | D:3      | Found a shadowy altar of Dithmenos.
  1363 | D:3      | Reached skill level 4 in Shapeshifting
  1404 | D:3      | Killed Grinder
  1405 | D:3      | Reached XP level 5. HP: 38/49 MP: 4/4
  1405 | D:3      | Reached XP level 6. HP: 44/57 MP: 5/5
  1651 | D:3      | Found a burning altar of Makhleb.
  1668 | D:3      | Became a worshipper of Makhleb the Destroyer
  2156 | D:4      | Found a hazy altar of Hepliaklqana.
  2369 | D:4      | Found a white marble altar of Elyvilon.
  2472 | D:4      | Reached skill level 5 in Shapeshifting
  2480 | D:4      | Found a staircase to the Ecumenical Temple.
  2759 | D:4      | Found a basalt altar of Yredelemnul.
  2778 | D:4      | Reached XP level 7. HP: 63/66 MP: 6/6
  2811 | D:4      | Reached * piety under Makhleb
  3135 | D:5      | Entered Level 5 of the Dungeon
  3511 | D:5      | Reached skill level 5 in Unarmed Combat
  3511 | D:5      | Reached skill level 6 in Shapeshifting
  3521 | D:5      | Reached XP level 8. HP: 32/75 MP: 7/7
  3601 | D:5      | Found a hide-covered altar of Uskayaw.
  3760 | D:5      | Found an ancient bone altar of Kikubaaqudgha.
  4275 | D:6      | Noticed Edmund
  4284 | D:6      | Killed Edmund
  4285 | D:6      | Reached skill level 7 in Shapeshifting
  4303 | D:6      | Found an ornate altar of the Wu Jian Council.
  4342 | D:6      | Reached ** piety under Makhleb
  4808 | D:7      | Reached XP level 9. HP: 84/84 MP: 8/8
  4818 | D:7      | Noticed Maurice
  4831 | D:7      | Maurice stole a ring of magical power
  4835 | D:7      | Killed Maurice
  4836 | D:7      | Reached skill level 8 in Shapeshifting
  4908 | D:7      | Reached skill level 5 in Dodging
  5039 | D:7      | Reached *** piety under Makhleb
  5040 | D:7      | Reached skill level 5 in Fighting
  5207 | D:7      | Found a snail-covered altar of Cheibriados.
  5514 | D:8      | Found a radiant altar of Vehumet.
  5573 | D:8      | Reached skill level 9 in Shapeshifting
  5625 | D:8      | Found a glowing golden altar of the Shining One.
  5847 | D:9      | Reached XP level 10. HP: 87/96 MP: 9/9
  5961 | D:9      | Paralysed by a hornet for 1 turns
  6665 | D:9      | Found a sparkling altar of Nemelex Xobeh.
  6866 | D:10     | Entered Level 10 of the Dungeon
  6924 | D:10     | Found a staircase to the Lair.
  6941 | D:10     | Noticed a gargoyle
  6945 | D:10     | Killed a gargoyle
  7118 | D:10     | Noticed Lodul
  7248 | D:9      | Reached skill level 10 in Shapeshifting
  7557 | D:1      | Bought a scroll of acquirement for 520 gold pieces
  7557 | D:1      | Acquired the scarf of Farfalle {harm, Rampage rElec rC+
                  | SInv}
  7900 | Lair:1   | Entered Level 1 of the Lair of Beasts
  7945 | Lair:1   | Noticed a catoblepas
  7955 | Lair:1   | Killed a catoblepas
  7956 | Lair:1   | Reached XP level 11. HP: 106/106 MP: 10/10
  8284 | Lair:1   | Found a dark tunnel.
  8523 | Lair:1   | Noticed a death yak
  8524 | Lair:1   | Noticed a death yak
  8524 | Lair:1   | Noticed a death yak
  8524 | Lair:1   | Noticed a death yak
  8551 | Lair:1   | Noticed a death yak
  8554 | Lair:1   | Noticed a death yak
  8557 | D:10     | Demolished by a death yak

Illustrated notes

Levels and vault maps discovered:
D:1:      orjb1_lava_funnel, layout_loops_ring, serial_shops, shop,
          solitary_fountain, minmay_statues_item, hangedman_decor_peaks_small
D:2:      layout_loops_cross, kennysheep_another_room, nrook_uturn
D:3:      layout_loops_ring, nicolae_dithmenos_through_a_glass_darkly,
          nicolae_overflow_crystal_walls, minivault_27, uniq_grinder
D:4:      layout_loops_corners, mainiacjoe_overflow_chevrons,
          mainiacjoe_overflow_concentric_impassable,
          lemuel_mausoleum_altar_yredelemnul, minmay_temple_entry_ruins,
          chequers_serial_rivers_micro_c, small_statue_intersection,
          kennysheep_generic_room_12
D:5:      layout_loops_corners, kennysheep_vampire_church,
          mainiacjoe_overflow_cross_hatched, nicolae_grassy_gnolls
D:6:      layout_basic, nicolae_overflow_hidden_temple,
          nzn_wu_jian_contemplation, uniq_edmund
D:7:      layout_rooms, slow_altar_2, serial_library_hellmonk_double_dead_end,
          minmay_nine_imps, uniq_maurice
D:8:      layout_rooms, mainiacjoe_overflow_surrounded_room, tso_metal_star
D:9:      layout_layer_cave, kennysheep_mini
D:10:     layout_gridville, lair_entry_dummy, uniq_lodul
Lair:1:   layout_hall_layers, enter_volcano_4, serial_bayou_shore_b,
          serial_bayou_shore_b

Skill      XL: |  1  2  3  4  5  6  7  8  9 10 |
---------------+-------------------------------+-----
Fighting       | 1 2 3 4 5 6 |  6.6
Dodging        | 2 3 4 5 6 |  6.8
Shapeshifting  | 4 5 6 7 9 10 | 10.8
Unarmed Combat | 4 5 6 7 8 |  8.6

Action                     |  1- 3 |  4- 6 |  7- 9 | 10-12 || total
---------------------------+-------+-------+-------+-------++-------
  Melee: Unarmed           |    83 |   130 |   298 |   155 ||   666
         Punch             |     4 |     3 |     3 |     1 ||    11
         Maw               |       |       |       |    20 ||    20
 Invoke: Minor Destruction |       |       |       |     1 ||     1
    Use: Scroll            |       |     6 |     9 |     5 ||    20
   Stab: Sleeping          |       |     2 |       |       ||     2
 Armour: Animal skin       |    64 |    62 |    89 |       ||   215
         Skin              |       |       |    88 |   127 ||   215
  Dodge: Dodged            |    57 |    55 |   163 |   149 ||   424
   Form: Flux              |       |       |     1 |       ||     1
         Maw               |       |       |       |     1 ||     1
